AoeStats
← v0id

Arena

509245607Analyzed
2v2 RM · 7d ago on Sep 26, 2026· 39m 16s· 4 players
Game mode
Random Map
Map size
Medium (4 player)
Population
200
Speed
Normal
Resources
Standard
Victory
Conquest
Starting age
Dark Age
Ending age
Imperial Age
RankedLock teamsTeams togetherTeam positionsShared explorationLock speedFull tech treeHidden civsTurbo modeCheats
Victory
Defeat
🇦🇷 Hindustanis · Argentina
1016
+15
🇦🇷 Bohemians · Argentina
992
+17
🇺🇸 Varangians · United States
997
-16
🇺🇸 Danes · United States
997
-16
kvmoll
9:22 Feudal Age
11:37 Loom
14:53 Castle Age
13:26 Horse Collar
17:34 Squires
17:20 Gambesons
17:21 Arson
24:30 Wheelbarrow
23:41 Town Watch
26:24 Double-Bit Axe
32:57 Imperial Age
31:45 Redemption
32:36 Scale Mail Armor
32:47 Forging
33:03 Hamask
33:39 Capped Ram
35:30 Siege Ram
35:34 Northmen's Fury
35:57 Elite Varangian Guard
37:39 Chain Mail Armor
39:14 Plate Mail Armor
Swiggzbul
5:22 Loom
10:19 Feudal Age
12:50 Town Watch
17:10 Castle Age
15:38 Double-Bit Axe
16:31 Horse Collar
16:54 Gold Mining
18:18 Bow Saw
18:46 Scale Barding Armor
21:57 Bloodlines
24:09 Town Patrol
24:36 Light Cavalry
26:33 Wheelbarrow
26:20 Husbandry
28:20 Hand Cart
30:22 Stone Mining
31:00 Chain Barding Armor
32:19 Stone Shaft Mining
32:33 Forging
35:53 Fletching
36:31 Bodkin Arrow
39:29 Imperial Age
36:39 Crossbowman
38:30 Masonry
v0id
10:41 Feudal Age
16:28 Castle Age
15:10 Double-Bit Axe
15:07 Horse Collar
17:19 Wheelbarrow
16:31 Loom
17:55 Bow Saw
18:08 Heavy Plow
19:32 Fervor
20:42 Fletching
22:11 Scale Mail Armor
29:08 Pikeman
32:11 Hand Cart
32:00 Squires
33:25 Bodkin Arrow
39:11 Imperial Age
37:45 Padded Archer Armor
38:10 Crossbowman
39:41 Leather Archer Armor
39:14 Arbalester
SR WAITINHO
10:48 Feudal Age
14:45 Castle Age
15:31 Horse Collar
16:02 Double-Bit Axe
16:51 Stone Mining
17:31 Gold Mining
17:32 Loom
20:53 Wheelbarrow
23:25 Town Watch
24:03 Squires
28:02 Grand Trunk Road
28:28 Bow Saw
28:29 Heavy Plow
29:49 Forging
29:44 Scale Barding Armor
33:14 Imperial Age
31:15 Bloodlines
31:05 Husbandry
31:53 Iron Casting
32:28 Hand Cart
32:34 Town Patrol
33:18 Chain Barding Armor
34:06 Heavy Camel Rider
36:13 Gold Shaft Mining
36:19 Stone Shaft Mining
39:28 Chemistry
38:49 Ballistics
38:40 Fortified Wall
38:25 Murder Holes
38:41 Masonry
Connection lost

Rejoining the realm…

Still unreachable

The connection could not be restored.

Session expired

The server has moved on; the page needs a fresh start.